 Dungeon Crawl Stone Soup version 0.26-a0-812-g31a745ddcd (webtiles) character file.

Game seed: 11663955491833835738

74 funkygono the Gusty (level 4, -2/24 HPs)
             Began as a Deep Elf Air Elementalist on Nov 25, 2020.
             Slain by a sky beast (5 damage)
             ... on level 2 of the Dungeon.
             The game lasted 00:06:02 (2358 turns).

funkygono the Gusty (Deep Elf Air Elementalist)     Turns: 2358, Time: 00:06:03

Health: -2/24      AC:  3    Str:  5    XL:     4   Next: 10%
Magic:  12/12      EV: 13    Int: 21    God:
Gold:   90         SH:  0    Dex: 15    Spells: 5/11 levels left

rFire    . . .     SeeInvis .   m - +2 whip (vamp)
rCold    . . .     Faith    .   (no shield)
rNeg     . . .     Spirit   .   a - +1 robe
rPois    .         Reflect  .   (no helmet)
rElec    .         Harm     .   (no cloak)
rCorr    .         Rampage  .   (no gloves)
MR       .....                  (no boots)
Stlth    ++........             (no amulet)
HPRegen  0.08/turn              (no ring)
MPRegen  0.13/turn              (no ring)

@: sluggish, very slow
A: no striking features
a: no special abilities


You were on level 2 of the Dungeon.
You visited 1 branch of the dungeon, and saw 3 of its levels.

You collected 90 gold pieces.

Inventory:

Hand Weapons
 f - a +1 whip of draining
 m - a +2 vampiric whip (weapon)
Missiles
 c - 74 stones (quivered)
Armour
 a - a +1 robe (worn)
Scrolls
 i - a scroll of fog
Potions
 b - 2 potions of might
 d - a potion of resistance
 e - a potion of berserk rage {unknown}
 g - a potion of brilliance {unknown}
 h - a potion of magic {unknown}
 j - a potion of haste {unknown}
 k - a potion of heal wounds {unknown}
 l - a potion of degeneration {unknown}
 n - a potion of curing {unknown}


   Skills:
 + Level 2.6 Dodging
 + Level 2.4 Stealth
 * Level 4.0 Spellcasting
 * Level 2.1 Conjurations
 * Level 4.0 Air Magic


You had 5 spell levels left.
You knew the following spells:

 Your Spells              Type           Power        Failure   Level
a - Shock                 Conj/Air       ###.         3%          1
b - Swiftness             Air            ###.....     3%          2
c - Static Discharge      Conj/Air       ###.....     10%         3

Your spell library contained the following spells:

 Spells                   Type           Power        Failure   Level
 Airstrike                Air            ###.......   22%         4
 Lightning Bolt           Conj/Air       ###.......   67%         5


Dungeon Overview and Level Annotations

Branches:
Dungeon (3/15)

Altars:
Cheibriados
Hepliaklqana
Ru


Message History

Press: ? - help, v - describe, . - travel
Here: a sky beast The floor.
Casting: Shock (safe; 3% risk of failure)
Confirm with . or Enter, or press ? or * to list all spells.
You feel quick. The sky beast completely misses you.
You see here a giant cockroach corpse.
The sky beast flickers out of sight!
Deactivating autopickup; reactivate with Ctrl-A.
There is a stone staircase leading down here.
You start to feel a little slower.
You feel sluggish.
A sky beast appears from thin air!
Reactivating autopickup.
You see here a giant cockroach corpse.
You start to feel a little faster.
The sky beast hits you.
* * * LOW HITPOINT WARNING * * *
The sky beast shocks you.
You die...

..........(..# #.#.########.#...
.##.########.# #.#.# #.....
.##.#### #.####.#.# ###...
.##....# #......#.######## #...
.#####.## #.###....##.....###.##
........# #.##..................
.#####..####.##..#####.##########
.#####.........Y.# #.#
.............###@# #.#
######†####### #.# #.#
#.#########.### #.##########
#......Y§§>...###...........
###########......#.#########
#...###...# #..<......#
#######...# #####


You could see a sky beast.

Vanquished Creatures
  2 adders
  A worm (D:2)
  3 dart slugs
  A leopard gecko (D:2)
  A ball python (D:2)
  2 giant cockroaches (D:2)
  9 hobgoblins
  4 jackals (D:2)
  4 kobolds
  2 bats
  2 frilled lizards
  6 goblins
  6 rats
43 creatures vanquished.

Notes
Turn   | Place    | Note
-------+----------+-------------------------------------------
     0 | D:1      | funkygono the Deep Elf Air Elementalist began the quest for
                  | the Orb.
     0 | D:1      | Reached XP level 1. HP: 10/10 MP: 6/6
   153 | D:1      | Reached XP level 2. HP: 15/15 MP: 0/8
   157 | D:1      | Learned a level 2 spell: Swiftness
  1022 | D:2      | Reached XP level 3. HP: 19/19 MP: 2/9
  1306 | D:2      | Learned a level 3 spell: Static Discharge
  1490 | D:2      | Found a sacrificial altar of Ru.
  1490 | D:2      | Found a snail-covered altar of Cheibriados.
  1796 | D:3      | Noticed a sky beast
  1863 | D:3      | Reached XP level 4. HP: 24/24 MP: 9/11
  2294 | D:3      | Found a hazy altar of Hepliaklqana.
  2358 | D:2      | Slain by a sky beast

Illustrated notes

Levels and vault maps discovered:
D:1:      lemuel_arrival_cross, layout_basic
D:2:      layout_loops_ring, chequers_temple_overflow_statue_of_worship
D:3:      cheibrodos_pilgrimage, layout_rooms, lemuel_coloured_pillars_altar,
          nicolae_overflow_hidden_temple

Skill      XL: |  1  2  3  4 |
---------------+-------------+-----
Conjurations   | 2 |  2.1
Air Magic      | 4 |  4.0
Spellcasting   | 4 |  4.0
Dodging        | |  2.6
Stealth        | |  2.4

Action                   |  1- 3 |  4- 6 || total
-------------------------+-------+-------++-------
Melee: Whip              |     1 |     1 ||     2
 Cast: Shock             |    76 |    17 ||    93
       Swiftness         |       |     1 ||     1
  Use: Scroll            |     6 |       ||     6
Armor: Robe              |     2 |     6 ||     8
Dodge: Dodged            |    14 |    14 ||    28

Table legend: (Time is in decaauts)
 A = Elapsed time spent in this place.
 B = Non-inter-level travel time spent in this place.
 C = Inter-level travel time spent in this place.
 D = Time resting spent in this place.
 E = Time spent auto-exploring this place.
 F = Levels seen in this place.
 G = Mean time per level.
                   A        B        C        D        E       F      G
               +--------+--------+--------+--------+--------+-----+--------+
         Total |   2362 |   2327 |     35 |    325 |   1498 |   3 |  787.3 |
       Dungeon |   2362 |   2327 |     35 |    325 |   1498 |   3 |  787.3 |
               +--------+--------+--------+--------+--------+-----+--------+

Top non-repeatable levels by time:
     D:2: 1277 daAuts
     D:1: 981 daAuts
     D:3: 103 daAuts
